 Dungeon Crawl Stone Soup version 0.28-a0-8-g6e044cfa68 (webtiles) character file.

Game seed: 11731043363751170569

64 tilp the Magician (level 3, 0/16 HPs)
             Began as a Felid Hedge Wizard on July 24, 2021.
             Slain by a bullfrog skeleton (5 damage)
             ... on level 5 of the Dungeon.
             The game lasted 00:03:26 (3304 turns).

tilp the Magician (Felid Hedge Wizard)              Turns: 3304, Time: 00:03:27

Health: 0/16       AC:  1    Str:  6    XL:     3   Next: 91%
Magic:  6/8        EV: 17    Int: 16    God:
Gold:   1          SH:  0    Dex: 15    Spells: 3/8 levels left
                                        Lives:  0   Deaths: 0

rFire   . . .      SeeInvis +     - Unarmed
rCold   . . .      Faith    .   (shield unavailable)
rNeg    . . .      Spirit   .   (armour unavailable)
rPois   .          Reflect  .   (helmet unavailable)
rElec   .          Harm     .   (cloak unavailable)
rCorr   .          Rampage  .   (gloves unavailable)
Will    .....                   (boots unavailable)
Stlth   ++........              (no amulet)
HPRegen 0.05/turn               (no ring)
MPRegen 0.11/turn               (no ring)

@: quick
A: very small, claws 1, fangs 3, see invisible, speed 1, shaggy fur 1, stealthy
paws, no weapons or thrown items, no armour, multi-lived
a: no special abilities


You were on level 5 of the Dungeon.
You visited 1 branch of the dungeon, and saw 4 of its levels.

You collected 89 gold pieces.
You spent 88 gold pieces at shops.

Inventory:

Jewellery
 g - a +4 ring of protection
Scrolls
 c - 3 scrolls of teleportation
Potions
 a - a potion of flight
 b - a potion of brilliance
 d - a potion of heal wounds
 f - a potion of curing
 h - a potion of degeneration {unknown}


   Skills:
 + Level 1.8 Fighting
 - Level 2.6 Dodging
 - Level 2.6 Stealth
 * Level 2.9 Unarmed Combat
 - Level 3.0 Spellcasting
 - Level 0.8 Conjurations
 - Level 1.0 Summonings
 - Level 1.5 Translocations


You had 3 spell levels left.
You knew the following spells:

 Your Spells              Type           Power      Damage    Failure   Level
a - Magic Dart            Conj           20%        1d4       13%         1
b - Call Imp              Summ           5%         N/A       19%         2
c - Blink                 Tloc           N/A        N/A       16%         2

Your spell library contained the following spells:

 Spells                   Type           Power      Damage    Failure   Level
 Slow                     Hex            2%         N/A       28%         2
 Conjure Flame            Conj/Fire      3%         6-21      43%         3
 Dazzling Flash           Conj/Hex       6%         N/A       43%         3
 Mephitic Cloud           Conj/Pois/Air  3%         N/A       45%         3
 Iskenderun's Mystic Bla  Conj/Tloc      6%         2d4       75%         4
 Starburst                Conj/Fire      1%         8x6d3     100%        6


Dungeon Overview and Level Annotations

Branches:
Dungeon (3/15)

Altars:

Shops:
D:1 !

Annotations:
D:2 Jessica
D:3 Terence


Innate Abilities, Weirdness & Mutations

You have sharp claws.
You have razor-sharp teeth.
You have supernaturally acute eyesight. (SInv)
You cover ground quickly. (Speed+)
You are covered in fur. (AC +1)
Your paws help you pounce on unaware monsters.
You are incapable of wielding weapons or throwing items.
You cannot wear armour.
You gain extra lives every three experience levels.


Message History

The orc is moderately wounded.
Unknown command.
Casting: Magic Dart (safe; 13% risk of failure)
Confirm with . or Enter, or press ? or * to list all spells.
Aiming: Magic Dart (safe; 13% risk of failure)
Press: ? - help, Shift-Dir - straight line, f/p - orc
Aim: an orc, wielding a +0 short sword and wearing a +0 leather armour (moderately wounded, 100% to hit)
The magic dart hits the orc.
The orc is heavily wounded.
Unknown command.
Casting: Magic Dart (safe; 13% risk of failure)
Confirm with . or Enter, or press ? or * to list all spells.
A metallic apparition takes form in the air.
Your magical contamination has completely faded away.
You scratch the orc.
You kill the orc!
Things that are here:
a +0 short sword; a +0 leather armour; a +0 mace You start resting.
Your iron imp disappears in a puff of smoke!
Magic restored.
You start waiting.
Done waiting.
A bullfrog skeleton comes into view.
Casting: Call Imp (safe; 19% risk of failure)
Confirm with . or Enter, or press ? or * to list all spells.
A beastly little devil appears in a puff of flame.
The bullfrog skeleton hits you.
You claw the bullfrog skeleton!
The bullfrog skeleton is moderately damaged.
The bullfrog skeleton completely misses you.
Your crimson imp blinks!
You scratch the bullfrog skeleton.
The bullfrog skeleton is moderately damaged.
The bullfrog skeleton hits you.
* * * LOW HITPOINT WARNING * * *
You barely miss the bullfrog skeleton.
The bullfrog skeleton is moderately damaged.
The bullfrog skeleton hits you.
You die...

#.# ... ... #.# #.#
#.###############.
##.##@Z..5.........
#..)..#######.###..
#..#### .# #..# ..
#..# .. #..# ##
#.## #.# ...


You could see a bullfrog skeleton (ally target) and a friendly crimson imp
(summoned).

Vanquished Creatures
  2 dart slugs (D:1)
  An orc (D:5)
  2 endoplasms
  2 hobgoblins
  4 jackals (D:2)
  7 kobolds (D:1)
  2 quokkas (D:1)
  2 ball pythons
  2 bats (D:1)
  A frilled lizard (D:2)
  4 goblins
  2 rats
31 creatures vanquished.

Vanquished Creatures (collateral kills)
  4 adders
  A hobgoblin (D:3)
5 creatures vanquished.

Grand Total: 36 creatures vanquished

Notes
Turn   | Place    | Note
-------+----------+-------------------------------------------
     0 | D:1      | tilp the Felid Hedge Wizard began the quest for the Orb.
     0 | D:1      | Reached XP level 1. HP: 7/7 MP: 5/5
   490 | D:1      | Reached skill level 1 in Unarmed Combat
   751 | D:1      | Reached XP level 2. HP: 12/12 MP: 4/7
   754 | D:1      | Learned a level 2 spell: Call Imp
   757 | D:1      | Learned a level 2 spell: Blink
  1072 | D:1      | Found Veiker's Distillery.
  1075 | D:1      | Bought a potion of curing for 33 gold pieces
  1131 | D:1      | Reached skill level 1 in Fighting
  1644 | D:1      | Found a faded altar of an unknown god.
  1734 | D:2      | Reached XP level 3. HP: 15/15 MP: 4/8
  2340 | D:2      | Noticed Jessica
  2622 | D:1      | Bought a potion of heal wounds for 55 gold pieces
  3100 | D:3      | Noticed Terence
  3112 | D:3      | You fall into a shaft and drop 2 floors!
  3112 | D:5      | Entered Level 5 of the Dungeon
  3304 | D:5      | Slain by a bullfrog skeleton

Illustrated notes

Levels and vault maps discovered:
D:1:      wander_arrival_desolate, layout_basic,
          dreamdust_ecumenical_altar_hidden_monk_grotto, serial_shops,
          nicolae_shop_behind_doors, minmay_split_cup_large
D:2:      layout_loops_ring, minmay_misc_feat_five, uniq_jessica
D:3:      layout_basic, led_xom_imps, columned_hall_lemuel,
          minmay_quadrilaterals, uniq_grinder, uniq_terence, uniq_robin
D:5:      kennysheep_big_flooded_room, layout_loops_ring,
          yredelemnul_forgotten_temple_becter, lemuel_doored_altar,
          minmay_temple_entry_slanted, hangedman_decor_riveting,
          kennysheep_generic_room_6, uniq_ijyb

Skill      XL: |  1  2 |
---------------+-------+-----
Unarmed Combat | 1 2 |  2.9
Fighting       | 1 |  1.8
Dodging        | |  2.6
Stealth        | |  2.6
Spellcasting   | |  3.0
Conjurations   | |  0.8
Summonings     | |  1.0
Translocations | |  1.5

Action                   || total
-------------------------++-------
Melee: Unarmed           ||    28
       Bite              ||     3
 Cast: Magic Dart        ||    75
       Call Imp          ||     9
  Use: Scroll            ||     4
 Stab: Sleeping          ||     2
Dodge: Dodged            ||    18

Table legend: (Time is in decaauts)
 A = Elapsed time spent in this place.
 B = Non-inter-level travel time spent in this place.
 C = Inter-level travel time spent in this place.
 D = Time resting spent in this place.
 E = Time spent auto-exploring this place.
 F = Levels seen in this place.
 G = Mean time per level.
                   A        B        C        D        E       F      G
               +--------+--------+--------+--------+--------+-----+--------+
         Total |   2990 |   2873 |    117 |   1097 |   1521 |   4 |  747.5 |
       Dungeon |   2990 |   2873 |    117 |   1097 |   1521 |   4 |  747.5 |
               +--------+--------+--------+--------+--------+-----+--------+

Top non-repeatable levels by time:
     D:1: 1544 daAuts
     D:2: 811 daAuts
     D:3: 448 daAuts
     D:5: 186 daAuts
